[Event "10th Cherry Blossom Classic 2023"]
[Site "Dulles"]
[Date "2023.05.29"]
[Round "8.6"]
[White "Sriniaiyer, Sudarshan"]
[Black "Druska, Juraj"]
[Result "1/2-1/2"]
[ECO "A43"]
[WhiteElo "2211"]
[BlackElo "2496"]
[Annotator "TA"]
[PlyCount "119"]
[EventDate "2023.05.24"]
[EventType "swiss"]
[EventCountry "USA"]
[SourceTitle "playchess.com"]
[Source "ChessBase"]
[SourceQuality "1"]
[TimeControl "5400+30"]

1. d4 g6 2. c4 Bg7 3. e4 d6 4. Nc3 c5 5. d5 Bxc3+ 6. bxc3 e5 {[%emt 0:00:04] A43: Schmid Benoni.} 7. Bd3 Nd7 8. Be3 Qe7 {[%emt 0:02:36][%cal Of7f5] [#] White is slightly better.} 9. g4 $146 {[%emt 0:07:44] White is more active.} ({White should try} 9. Ne2 $16) ({Predecessor:} 9. Qc2 h5 10. Nf3 Nh6 11. h3 f6 12. O-O-O Nb6 13. Nh4 Qg7 14. f4 Nf7 15. f5 {0-1 Panda,S (2452)-Li,D (2554) Sunway Formentera op 2nd 2023 (6)}) 9... Kd8 10. Qc2 (10. Nf3 $14) 10... Kc7 11. f3 f5 12. exf5 (12. gxf5 gxf5 13. exf5 Nb6 $14) 12... gxf5 13. Bxf5 Nb6 14. Bd3 {[%emt 0:03:20] [#]} e4 $1 {[%emt 0:02:17][%mdl 64] Deflection} 15. fxe4 Bxg4 16. Ne2 (16. h3 $11 {deserves consideration.} Bd7 17. Nf3) 16... Nf6 $15 {[%emt 0:05:30][%mdl 1024] Black has compensation.} 17. Rf1 Nfd7 18. O-O-O Ne5 19. Rf4 (19. Bf4 $142) 19... Raf8 (19... Nbxc4 $6 20. Bxc4 Nxc4 21. Bxc5 $11) 20. Rg1 h5 (20... Nbxc4 $6 21. Bxc4 Nxc4 22. Rfxg4 $11 (22. Bxc5 Rxf4 23. Nxf4 Qg5 $17)) 21. Rxf8 (21. Kb1 $17) 21... Rxf8 $19 22. Nf4 Nbxc4 (22... Nexc4 23. Bxc4 Nxc4 24. Ng6 Nxe3 25. Qd3 $15) (22... Qh4 $1 $19 {has better winning chances. Strongly threatening ...Kc8.} 23. Ne6+ Bxe6 24. dxe6 Nbxc4 25. Bxc4 Nxc4) 23. Bxc4 $17 Nxc4 24. Qd3 (24. Ng6 $17 Nxe3 25. Qd3) 24... Ne5 $1 $19 25. Qc2 Re8 (25... Qh4 $19 {Threatens to win with ...Nc4.} 26. Kb1 Nc4) 26. h3 $17 Bd7 27. Ng6 {[%emt 0:02:02] Repels Nc4} (27. Qe2 $17 {was called for.}) 27... Nxg6 (27... Qh7 $19 28. Nxe5 Rxe5) 28. Rxg6 Bf5 (28... Bxh3 $6 29. Bxc5 Qxe4 30. Qxe4 Rxe4 31. Bxd6+ Kd7 32. Bb8 $11) (28... Qxe4 $17 29. Qxe4 Rxe4) 29. exf5 $11 Qxe3+ {[%emt 0:00:01][%mdl 4096] Endgame KQR-KQR} 30. Qd2 $2 (30. Kb2 $11) 30... Qxh3 $19 {[%emt 0:03:28] White must now prevent ...Qf1+.} 31. Re6 Rg8 32. Rg6 Re8 {[%emt 0:00:14] ...Qf1+ is the strong threat.} 33. Re6 Rxe6 (33... Rf8 $1 $19 34. f6 Qf1+ 35. Qd1 Rxf6 36. Qxf1 Rxf1+ 37. Kd2 c4 38. Re7+ Kb6) 34. fxe6 {[%emt 0:00:29] KQ-KQ} h4 $1 {[%emt 0:00:24] And now ...Qg3 would win.} 35. Qg5 (35. a4 $15) 35... Qxc3+ 36. Kb1 Qd3+ 37. Kb2 Qe2+ 38. Kc1 Qe1+ ({Don't do} 38... Qxa2 39. Qe7+ Kb6 40. Qxd6+ Kb5 41. Qe5 (41. Qd7+ Kb4 $11) 41... Qc4+ 42. Kd2 Qa2+ 43. Ke1 Qb1+ 44. Kf2 $18) 39. Kc2 Qe2+ 40. Kc1 Qc4+ ({Less strong is} 40... Qxa2 41. Qe7+ Kb6 42. Qxd6+ Kb5 43. Qe5 (43. Qd7+ Kb4 $11) 43... Qc4+ 44. Kd2 Qb4+ 45. Ke2 Qg4+ 46. Kf2 $18) 41. Kb2 {[%emt 0:00:51] [#]} Qb4+ $2 (41... Qd4+ $1 $19 {and Black stays clearly on top.} 42. Kc2 Qf2+ 43. Kb1 h3 44. Qe7+ Kb6 45. Qd8+ Ka6 46. Qxd6+ b6) 42. Kc2 $2 (42. Kc1 $17 {only move.}) 42... Qe4+ 43. Kc1 {[%emt 0:00:06] [#]} Qh7 {[%emt 0:01:03] Wards off Qe7+} (43... Qh1+ $1 $19 44. Kb2 Qh2+ 45. Kb1 h3 46. Qg7+ Kb6) 44. Qf6 $1 $11 {[%emt 0:02:35] Threatening mate with Qf7+. The position is equal.} h3 {[%emt 0:00:02] ( -> ...h2)} 45. e7 h2 (45... Qh5 $5 46. Qf8 $8 Qg5+ 47. Kc2 Qg6+ 48. Kc1 Qg5+ 49. Kb1 Qg6+ 50. Kc1 Qg5+ $11) 46. e8=N+ Kd7 (46... Kb6 $5 47. Qb2+ $8 Ka6 48. Qa3+ Kb6 49. Qb2+ Ka6 50. Qa3+ Kb6 51. Qb3+ Ka6 52. Qa3+ $11) 47. Qe6+ Kd8 48. Qxd6+ Kxe8 {[%emt 0:00:01] KQ-KQ} 49. Qb8+ Kf7 50. Qf4+ $1 Kg8 (50... Kg6 $5 51. Qe4+ $8 Kh6 52. Qf4+ Kg6 53. Qe4+ Kh6 54. Qf4+ Kg6 $11) 51. Qb8+ Kg7 (51... Kf7 $5 52. Qf4+ $8 Kg7 53. Qe5+ Kg6 54. Qe4+ Kh6 55. Qf4+ Kg7 56. Qe5+ Kf8 57. Qb8+ Kg7 58. Qe5+ $11) 52. Qe5+ $1 Kf7 (52... Kg6 $5 53. Qe4+ $8 Kh6 54. Qh4+ Kg7 55. Qe7+ Kg8 56. Qe8+ Kg7 57. Qe7+ Kh8 58. Qf8+ Qg8 59. Qh6+ Qh7 60. Qf8+ Qg8 61. Qh6+ Qh7 62. Qf8+ $11) 53. Qf4+ Kg7 (53... Kg6 $5 54. Qe4+ $8 Kh6 55. Qf4+ Kg6 56. Qe4+ Kh6 57. Qf4+ Kg6 $11) 54. Qe5+ $1 Kg6 (54... Kf7 $5 55. Qf4+ $8 $11) 55. Qe4+ Kh6 56. Qh4+ Kg7 (56... Kg6 $5 57. Qe4+ $8 Kh6 58. Qh4+ Kg7 59. Qe7+ Kg8 60. Qe8+ Kg7 61. Qe7+ Kh6 62. Qh4+ $11) 57. Qe7+ Kh8 (57... Kg6 $5 58. Qe4+ $8 Kg7 59. Qe7+ Kh6 60. Qh4+ Kg6 61. Qe4+ $11) 58. Qf8+ Qg8 59. Qh6+ Qh7 60. Qf8+ {[%emt 0:00:07] Whites escaped into a draw.   Weighted Error Value: White=0.32/Black=0.48} 1/2-1/2

[Event "10th Cherry Blossom Classic 2023"]
[Site "Dulles"]
[Date "2023.05.29"]
[Round "8.7"]
[White "Senft, Sean"]
[Black "Hilby, Craig"]
[Result "0-1"]
[ECO "E72"]
[WhiteElo "2089"]
[BlackElo "2401"]
[Annotator "TA"]
[PlyCount "122"]
[EventDate "2023.05.24"]
[EventType "swiss"]
[EventCountry "USA"]
[SourceTitle "playchess.com"]
[Source "ChessBase"]
[SourceQuality "1"]
[TimeControl "5400+30"]

1. d4 Nf6 2. c4 g6 3. Nc3 Bg7 4. g3 c5 5. d5 e6 6. e4 d6 7. Bg2 O-O 8. Nge2 {[%emt 0:00:40] E72: King's Indian: 4 e4 d6 5 g3.} Na6 ({Better is} 8... exd5 $11 9. cxd5 Nbd7) 9. O-O (9. dxe6 $14 fxe6 10. O-O) 9... exd5 $11 10. exd5 {[%emt 0:01:17] The position is equal.} Nc7 11. h3 {[%emt 0:10:06] [#]} b5 $146 ({Predecessor:} 11... Rb8 12. a4 Re8 13. Be3 Na6 14. Qd2 Nb4 15. Nf4 Nd7 16. Na2 a5 17. Nc3 Ne5 {1-0 Mohannad,F (2330)-Ozalp,B (2015) Gebze op 5th 2014 (7)}) 12. cxb5 a6 13. b6 Nb5 14. a4 Nxc3 15. Nxc3 {[%emt 0:00:23] Black must now prevent a5.} Qxb6 16. a5 Qc7 17. Re1 Rb8 18. Re2 Bd7 19. Bg5 Bb5 20. Nxb5 Rxb5 21. Bf1 Rxa5 22. Rxa5 Qxa5 23. Re7 Qb6 24. b3 h6 25. Bxf6 Bxf6 26. Re4 a5 27. Bc4 Bd4 28. Qe2 Qb4 {[%emt 0:04:54] White is weak on the dark squares} 29. Re8 Rxe8 30. Qxe8+ $17 {[%emt 0:00:06][%mdl 4096] Endgame KQB-KQB} Kg7 31. Qe2 Qc3 32. Kg2 Qc1 33. Qf1 Qc2 {[%emt 0:02:23] Black is much more active.} 34. Qe2 Qc1 35. Qf1 $1 Qg5 36. Qe2 Qf6 37. Qf3 Qe5 38. Qe2 Kf6 39. Qf3+ {[%emt 0:04:41] [#]} Qf5 $1 40. Qe2 g5 41. Qe1 h5 42. Qe2 g4 43. h4 Kg7 44. Kf1 {[%emt 0:01:09] [#]} Qf3 $1 45. Qxf3 (45. Qd2 $17) 45... gxf3 {[%emt 0:00:02] KB-KB} 46. Bb5 Kf6 47. Ke1 Ke5 {[%emt 0:00:57][%cal Oe5e4] aiming for ...Ke4!} 48. Be8 (48. Bd3 $142 Bc3+ 49. Kd1) 48... f5 $19 ({Not} 48... Kxd5 49. Bxf7+ Ke5 50. Bxh5 $11) 49. Bc6 Bc3+ 50. Kd1 Bd4 51. Ke1 Ke4 (51... f4 $142 52. Bb5 fxg3 53. fxg3 Ke4) 52. Bd7 $2 (52. Bb5 $19 Kxd5 53. Bd3) 52... Kd3 ({Inferior is} 52... Kxd5 53. Bxf5 Ke5 54. Bd7 $17) 53. Bxf5+ Kc3 54. Be4 Kxb3 {[%emt 0:01:45] ( -> ...a4)} 55. Bxf3 a4 {[%emt 0:00:37][%cal Ba5a4,Ba4a3][%mdl 32] Black mates.} 56. Bd1+ Kb4 57. Bc2 a3 58. Bb1 Kb3 59. Kd1 Kb2 60. Ba2 Kxa2 61. Kc2 Bxf2 {[%emt 0:00:05] Weighted Error Value: White=0.43/Black=0.25 (precise)} 0-1

[Event "10th Cherry Blossom Classic 2023"]
[Site "Dulles"]
[Date "2023.05.29"]
[Round "8.8"]
[White "Stearman, Josiah"]
[Black "Plotkin, Mark"]
[Result "1-0"]
[ECO "C70"]
[WhiteElo "2385"]
[BlackElo "2341"]
[Annotator "TA"]
[PlyCount "95"]
[EventDate "2023.05.24"]
[EventType "swiss"]
[EventCountry "USA"]
[SourceTitle "playchess.com"]
[Source "ChessBase"]
[SourceQuality "1"]
[TimeControl "5400+30"]

1. e4 e5 2. Nf3 Nc6 3. Bb5 a6 4. Ba4 Nge7 5. c3 Ng6 6. d4 {[%emt 0:01:50] [#] C70: Ruy Lopez: 3...a6 4 Ba4, Norwegian and Delayed Schliemann.} d5 $146 ({Predecessor:} 6... exd4 7. h4 d3 8. Qxd3 h5 9. Be3 Be7 10. Nbd2 d6 11. O-O-O Bd7 12. Bb3 Nce5 13. Nxe5 Nxe5 {1-0 Svane,F (2600)-Narayanan,S (2661) Jermuk Avagyan Memorial 2023 (5)}) 7. Nxe5 Ngxe5 8. dxe5 {[%emt 0:01:38] White is slightly better.} dxe4 9. Qxd8+ Kxd8 10. Bf4 f5 {[%emt 0:08:38] [#]} 11. exf6 $1 gxf6 12. Nd2 Bd6 13. Bg3 ({Resist} 13. Bxd6 cxd6 14. f3 (14. Nxe4 Re8 $17) 14... exf3 15. gxf3 Kc7 $14) 13... f5 14. Bxc6 bxc6 15. Nc4 Be6 16. Nxd6 cxd6 17. Bxd6 Bc4 18. O-O-O Rg8 19. b3 Bd3 20. g3 Kd7 21. Bf4 c5 22. c4 Kc6 23. Rhe1 Rad8 24. h4 h5 25. Kb2 Rd7 26. Kc3 Rgd8 27. Bg5 Ra8 28. Rd2 a5 {[%emt 0:00:34] [#]} 29. f3 $1 a4 {[%emt 0:07:21] [#]} (29... Rf8 30. Rf2) 30. fxe4 $1 fxe4 31. Rf2 {[%emt 0:00:06] Prevents Rf7} axb3 32. axb3 Rd6 $2 {[%emt 0:00:59] A mistake that costs the game.} (32... Raa7 $16 {was called for.} 33. Rd1 Rf7) 33. Be3 $18 Rg6 34. Rf5 Ra5 35. Rxh5 Rxg3 36. Rg1 {[%emt 0:00:06] Prevents Rg2} Rxg1 (36... Rxe3 $2 {leads to mate.} 37. Rg6+ Kd7 38. Rh7+ Ke8 39. Rg8#) 37. Bxg1 {[%emt 0:00:02][%cal Oh5c5][%mdl 4096] Endgame KRB-KRB} Be2 38. Rh6+ Kd7 39. Kb2 {[%emt 0:00:08] Wards off Ra1} Bd1 (39... Ke7 $142 40. h5 Kf7) 40. Be3 {[%emt 0:01:24] h5 would be deadly.} Bf3 $2 (40... Ke7 {keeps fighting.} 41. Rc6 Kd7) 41. h5 Ke7 (41... Ra8 $142 42. Bxc5 Bg4 43. Rd6+ Kc7) 42. Rh7+ {[%emt 0:00:43] White is clearly winning.} Kf6 43. h6 Ra8 {[%emt 0:00:32] Wards off Rc7} 44. Rc7 Rd8 45. Bxc5 {[%emt 0:01:14] aiming for Be7+.} Kg6 46. Be3 {[%emt 0:00:06] Black must now prevent Rg7+.} Rd3 47. h7 Rd8 {[%emt 0:00:06] [#]} 48. Bd4 $1 {[%emt 0:00:10][%mdl 576] Deflection, Promotion.   Weighted Error Value: White=0.05 (flawless) /Black=0.21 (precise)} 1-0

[Event "10th Cherry Blossom Classic 2023"]
[Site "Dulles"]
[Date "2023.05.29"]
[Round "8.9"]
[White "Girsh, Daniel"]
[Black "Williams, Justus"]
[Result "1-0"]
[ECO "E51"]
[WhiteElo "2123"]
[BlackElo "2396"]
[Annotator "TA"]
[PlyCount "73"]
[EventDate "2023.05.24"]
[EventType "swiss"]
[EventCountry "USA"]
[SourceTitle "playchess.com"]
[Source "ChessBase"]
[SourceQuality "1"]
[TimeControl "5400+30"]

1. d4 Nf6 2. c4 e6 3. Nc3 Bb4 4. e3 O-O 5. Bd3 d5 6. a3 Bd6 7. Nf3 dxc4 8. Bxc4 Nc6 9. O-O a6 10. Qc2 {[%emt 0:13:58] E51: Nimzo-Indian: Rubinstein: 4...0-0 5 Nf3 d5.} h6 11. b4 Re8 12. Bb2 {[%emt 0:03:35] [#] White is slightly better.} Bd7 $146 (12... e5 $14) ({Predecessor:} 12... b5 13. Bb3 Bb7 14. Rfd1 Ne7 15. e4 e5 16. dxe5 Nh7 17. Rd3 Ng6 18. exd6 cxd6 {1-0 De los Santos Coello,J-Vazquez Gallardo,M Novatos Mex18 N 1 2018}) 13. Rad1 $16 Qe7 14. Rfe1 {[%emt 0:10:33] Hoping for e4.} e5 15. h3 {[%emt 0:17:34] Against Bg4. White is much more active.} ({White should play} 15. Nd5 $1 $16 Nxd5 16. Bxd5) 15... e4 16. Nd2 Kh8 (16... Nd8 $14 {is more appropriate.}) 17. f3 exf3 18. Nxf3 Bg3 19. Re2 Rad8 (19... Qf8 $16) 20. e4 $1 $18 Nh5 21. Nd5 (21. e5 $142 $1) 21... Qf8 $16 22. e5 (22. Rf1 $16) 22... Rc8 $2 {[%emt 0:00:28] This costs Black the game.} ({Black should try} 22... Be6 $1 $14 23. Ne3 (23. Nxc7 Bxc4 24. Qxc4 Nxe5 $15 {[%mdl 64] Pin}) 23... Bxc4 24. Qxc4 Qg8) 23. Ne3 b5 (23... Ne7 $142 24. d5 Nf4) 24. Ba2 $1 $18 a5 (24... Nf4 $2 25. Red2 $18) 25. Nf5 {[%emt 0:01:20] Black must now prevent N3h4.} axb4 {[%emt 0:03:42] [#]} 26. Nxh6 $1 Nd8 {[%emt 0:00:28] [#]} (26... gxh6 27. e6 fxe6) 27. Ng5 $1 g6 (27... f5 28. exf6) 28. Nhxf7+ Nxf7 29. Nxf7+ Kh7 30. e6 Nf4 31. Re3 (31. exd7 $2 Rxe2 32. Ng5+ (32. dxc8=R $2 Qxc8 33. Ng5+ Kh6 $19) 32... Kh6 $19) 31... Qxf7 32. exf7 (32. exd7 Qxd7 33. Rxg3 Ne2+ 34. Kh2 Nxg3 35. Kxg3 Qd6+ 36. Kf2 Qh2 $17) (32. d5 c6 33. exd7 {[%mdl 64] Discovered Attack} Qxd7 34. dxc6 (34. Rxg3 Ne2+ 35. Kh2 Qd6 $16 {[%mdl 64] Pin})) 32... Rxe3 33. Qc5 (33. axb4 $2 Re2 $19) 33... Re2 {[%emt 0:13:59] [#]} (33... b3 $142 34. Bxb3 (34. f8=N+ Rxf8 35. Qxf8 Re2 $11) 34... Ne2+ 35. Kf1 Bd6) 34. Bd5 $1 (34. f8=B {leads to mate.} Rxg2+ 35. Kh1 Rh2+ 36. Kg1 Ne2+ 37. Kf1 Bxh3#) (34. f8=N+ $2 Rxf8 35. Bd5 Rfe8 $19) (34. f8=Q Rxg2+ 35. Kh1 Rh2+ 36. Kg1 Ne2+ 37. Kf1 Bxh3#) 34... Rf2 $2 (34... Nxd5 35. Qxd5 (35. f8=R Rxf8 36. Qxf8 Nf4 $11) 35... Rxb2) 35. Qe7 {[%emt 0:01:02][%csl Ge7][%cal Rf7f8] White is clearly winning.} ({And not} 35. f8=R Ne2+ 36. Kh1 Rcxf8 37. Qe7+ (37. Qxb4 $2 {is a self mate.} Rf1+ {[%mdl 64] Back Rank} 38. Rxf1 Rxf1#) 37... Kh8 $11) 35... Ne2+ 36. Kh1 Kh6 37. Bf3 {[%emt 0:00:25] A fantastic game!   Weighted Error Value: White=0.70/Black=0.39} 1-0

[Event "10th Cherry Blossom Classic 2023"]
[Site "Dulles"]
[Date "2023.05.29"]
[Round "8.10"]
[White "Roselli Mailhe, Bernardo"]
[Black "Slate, Kent"]
[Result "1-0"]
[ECO "D38"]
[WhiteElo "2380"]
[BlackElo "1989"]
[Annotator "TA"]
[PlyCount "105"]
[EventDate "2023.05.24"]
[EventType "swiss"]
[EventCountry "USA"]
[SourceTitle "playchess.com"]
[Source "ChessBase"]
[SourceQuality "1"]
[TimeControl "5400+30"]

1. d4 Nf6 2. c4 e6 3. Nf3 d5 4. Nc3 Bb4 5. Qa4+ Nc6 6. e3 O-O 7. Bd2 Re8 {[%emt 0:00:07] D38: Queen's Gambit Declined: Ragozin Defence (4 Nf3 Bb4).} 8. a3 Bf8 9. Qc2 e5 {[%emt 0:13:04] The position is equal.} 10. dxe5 Nxe5 11. cxd5 Nxd5 12. O-O-O Nxf3 13. gxf3 {[%emt 0:00:33] [#]} Nb6 $146 ({Predecessor:} 13... a5 14. Rg1 Nb4 15. Qb1 Qf6 16. Ne4 Qc6+ 17. Bc3 Bf5 18. Nf6+ Qxf6 19. Bxf6 Bxb1 20. Kxb1 {1-0 Mamedyarov,S (2765)-Ding,L (2799) Speed Chess Chess.com INT blitz 2021 (1.34)}) 14. Rg1 Qh4 15. Ne4 Bf5 16. Bd3 $1 Rad8 (16... Qxh2 $2 17. Nf6+ Kh8 18. Rh1 $18) 17. Nf6+ {[%emt 0:06:13][%mdl 64] [#] Discovered Attack} Qxf6 18. Bxf5 g6 19. Bc3 Qc6 ({Black should play} 19... Rxd1+ $11 20. Rxd1 Qh4) 20. Be4 $14 {[%emt 0:03:29][%mdl 64] Deflection. This pair of bishops is nice.} Qe6 (20... Rxd1+ $14 21. Rxd1 Qb5) 21. Bxb7 $16 Nc4 22. Rxd8 Rxd8 23. Qe4 Qxe4 24. Bxe4 ({Don't take} 24. fxe4 Bg7 $16) 24... Bg7 25. Kc2 Rb8 (25... Nd6 $16 26. Bd3 f5) 26. Bxg7 Kxg7 $18 {[%emt 0:00:10][%mdl 4096] Endgame KRB-KRN} 27. Rb1 (27. Bd3 $18 Ne5 28. Be2) 27... Rd8 28. f4 Rd6 {[%emt 0:00:43] [#] Hoping for ...Nd2.} 29. Bd3 Nb6 30. Rc1 Na4 31. b4 Nb6 (31... Rc6+ $142 32. Kd2 Rxc1 33. Kxc1 Kf8) 32. Be2 f6 (32... Rc6+ {was worth a try.} 33. Kd1 Rxc1+ 34. Kxc1 Kf8) 33. Kb3 Rd7 34. Bb5 Re7 35. Rd1 g5 36. fxg5 fxg5 37. a4 Rf7 38. a5 Nc8 39. Rd7 Nd6 40. Rxf7+ Kxf7 {[%emt 0:00:15] KB-KN} 41. Bd3 h6 42. Kc3 Ke6 43. Kd4 Kd7 44. e4 Nb7 45. e5 Nd8 46. Bb5+ Ke6 (46... Ke7 $142 47. Kd5 Ne6) 47. Bc4+ Kd7 48. Bd5 c6 49. Bc4 Kc7 50. a6 Kd7 51. Ke4 Ke7 52. Kf5 c5 53. b5 {[%emt 0:00:12] Weighted Error Value: White=0.06 (flawless) /Black=0.47} 1-0

[Event "10th Cherry Blossom Classic 2023"]
[Site "Dulles"]
[Date "2023.05.29"]
[Round "8.11"]
[White "Altman, Joshua"]
[Black "Muzychuk, Anna"]
[Result "1/2-1/2"]
[ECO "D38"]
[WhiteElo "2120"]
[BlackElo "2504"]
[Annotator "TA"]
[PlyCount "103"]
[EventDate "2023.05.24"]
[EventType "swiss"]
[EventCountry "USA"]
[SourceTitle "playchess.com"]
[Source "ChessBase"]
[SourceQuality "1"]
[TimeControl "5400+30"]

1. d4 Nf6 2. c4 e6 3. Nf3 d5 4. cxd5 exd5 5. Nc3 c6 6. Bg5 h6 7. Bh4 Bb4 8. Qc2 {[%emt 0:08:22] D38: Queen's Gambit Declined: Ragozin Defence (4 Nf3 Bb4).} g5 9. Bg3 Ne4 10. Nd2 {[%emt 0:03:45] White has an edge.} Bf5 11. Ndxe4 Bxe4 12. Qd2 Nd7 13. f3 Bg6 {[%emt 0:00:08] [#]} 14. e3 $146 (14. h4 $5 ) ({Predecessor:} 14. a3 Bxc3 15. Qxc3 Qe7 16. e3 f6 17. Be2 O-O 18. h4 Rae8 19. Bf2 Kg7 20. O-O-O {1-0 Pfeiffer,T-Diesterweg,U PF-ch Eisenberg 1993}) 14... O-O 15. Bd3 f5 16. O-O Qf6 17. a3 Ba5 18. Bf2 Rae8 19. Qc2 Kg7 20. Qa4 Qd8 21. b4 Bc7 22. b5 $1 Rf6 ({Better is} 22... Qb8 $11) 23. bxc6 (23. Qxa7 $14 Re7 24. Rab1 (24. Qxb7 Nc5 $17 {[%mdl 64] Double Attack})) 23... bxc6 24. Rac1 Re7 25. Qc2 Nf8 26. Na4 h5 {[%emt 0:01:50] [#]} (26... Qd6 $11 27. g3 Nd7) 27. f4 Qd6 (27... gxf4 $11 28. exf4 (28. Bh4 Rxe3 29. Nc5 Qd6 $11) 28... Bxf4) 28. Qc5 (28. fxg5 $2 Qxh2#) (28. Bg3 $16 g4 29. Bf2 (29. Bh4 Rxe3 30. Nc5 Rf7 $11)) 28... Qxc5 29. Nxc5 Nh7 (29... gxf4 $11 {keeps the balance.} 30. Bh4 fxe3) 30. fxg5 {[%emt 0:00:37] White is more active.} (30. Na6 $16) 30... Nxg5 $11 31. Bh4 Kh6 32. Rfe1 Ref7 33. Na6 {[%emt 0:00:31] Threatens to win with Nxc7.} Bd6 {[%emt 0:01:20] The position is equal.} 34. Nb4 (34. Rxc6 Bxh2+ 35. Kxh2 Rxc6 $17) 34... f4 {[%emt 0:00:05] Wards off Bg3} 35. Bxg5+ (35. Rxc6 $2 {loses.} Bxb4 36. Bxg5+ Kxg5 $19) 35... Kxg5 36. Bxg6 (36. Rxc6 $2 {is the wrong capture.} Bxb4 37. exf4+ Kh6 38. Rxf6 Rxf6 39. axb4 Bxd3 $19) 36... Kxg6 37. Nxc6 f3 38. gxf3 ({Not} 38. Ne5+ $2 Bxe5 39. gxf3 Bd6 $19) 38... Rxf3 39. Ne5+ Bxe5 40. dxe5 {[%emt 0:00:02][%mdl 4096] Endgame KRR-KRR} Kf5 41. Rc5 Rg7+ 42. Kh1 Ke4 43. Rd1 Rxe3 {[%emt 0:01:21] And now ...d4 would win.} 44. Rcxd5 Rxa3 45. e6 Re7 46. Rxh5 Rxe6 47. Rh4+ Ke5 48. Re1+ Kd5 49. Rh5+ Kd6 50. Rd1+ Kc6 51. Rc1+ Kd6 52. Rd1+ {[%emt 0:00:03] Weighted Error Value: White=0.13 (very precise) /Black=0.17 (very precise)} 1/2-1/2

[Event "10th Cherry Blossom Classic 2023"]
[Site "Dulles"]
[Date "2023.05.29"]
[Round "8.12"]
[White "Zhukova, Natalia"]
[Black "Kanli, Alperen"]
[Result "1/2-1/2"]
[ECO "D20"]
[WhiteElo "2324"]
[BlackElo "2111"]
[Annotator "TA"]
[PlyCount "120"]
[EventDate "2023.05.24"]
[EventType "swiss"]
[EventCountry "USA"]
[SourceTitle "playchess.com"]
[Source "ChessBase"]
[SourceQuality "1"]
[TimeControl "5400+30"]

1. d4 d5 2. c4 dxc4 3. e4 e5 4. Nf3 exd4 5. Bxc4 Nc6 6. O-O Be6 7. Bb5 Bc5 {[%emt 0:01:25] [#]} 8. b4 $1 {[%emt 0:00:14] D20: Queen's Gambit Accepted: 3 e3 and 3 e4.} Bb6 9. a4 $1 a6 10. Bxc6+ {[%emt 0:00:12] White is slightly better.} bxc6 11. a5 Ba7 12. Bb2 Nf6 13. Bxd4 Nxe4 14. Bxa7 Qxd1 15. Rxd1 {[%emt 0:00:04][%cal Od1e1] Threatens to win with Re1!} Rxa7 16. Nd4 $36 {[%emt 0:05:35][%mdl 2048] White fights for an advantage.} Bd5 (16... c5 $5 17. Nxe6 fxe6 $14) 17. f3 Nd6 18. Nc3 O-O (18... Rb7 $14) 19. Nxd5 $16 cxd5 20. Nc6 {[%emt 0:00:06][%csl LRa7,LRd5][%mdl 64] Discovered Attack} Rb7 {[%emt 0:02:01] [#]} 21. Ne7+ $146 (21. Rxd5 Re8 $14) ({Predecessor:} 21. Rxd5 Re8 22. Kf2 g6 23. Rc1 Rb5 24. Rdc5 Kg7 25. g4 h6 26. R1c2 Kg8 27. Rxb5 Nxb5 {1-0 Khusnutdinov,R (2491)-Haitin,I (2348) Titled Tuesday intern op 24th Nov blitz 2020 (1)}) 21... Kh8 22. Nxd5 Nb5 23. Rac1 h6 24. Rc6 Ra7 25. Nf4 {[%emt 0:04:58] White is much more active.} Nd6 26. Kf2 Rd8 27. Rd5 Re8 (27... g6 $16 28. g4 Kg7) 28. g4 g5 (28... Kh7 {keeps fighting.} 29. h4 Re7) 29. Nd3 $18 Re6 30. Rdc5 Re7 31. Rc1 f5 32. gxf5 Nxf5 33. Nc5 Re2+ 34. Kxe2 Nd4+ 35. Kd3 Nxc6 {[%emt 0:00:01][%mdl 4096] Endgame KRN-KRN} 36. Kc3 Ne5 37. Rf1 c6 (37... Kg7 {was worth a try.} 38. f4 gxf4) 38. f4 gxf4 39. Rxf4 Kg7 {[%emt 0:00:01] Dodges Rf6} 40. Rd4 {[%emt 0:03:18] Dodges Nd7} h5 41. h4 Ng6 42. Ne6+ (42. Rd6 $18) 42... Kf6 43. Nf4 ({White should play} 43. Nd8 $16) 43... Nxf4 $14 44. Rxf4+ {[%emt 0:00:06] KR-KR} Ke5 45. Rf8 {[%emt 0:01:38] Kc4 would be deadly.} (45. Rc4 $5 ) 45... Rg7 $1 46. Rh8 {[%emt 0:01:02][%cal Oc3c4] Hoping for Kc4!} Rg3+ $2 {[%emt 0:00:06][%mdl 8192] [#]} (46... Rg4 $14) 47. Kc4 $1 $18 Rg4+ (47... Kd6 $142 48. Rh6+ (48. Rxh5 Rg4+ 49. Kc3 c5 $16) 48... Kc7 49. Rxh5 Rg2 50. Rh7+ Kd6 51. Rh6+ Kc7) 48. Kc5 Rxh4 49. Rh6 ({Not} 49. Kxc6 Rc4+ 50. Kb6 Rxb4+ 51. Kxa6 h4 $11) ({Less strong is} 49. Ra8 Rh1 $14) 49... Rh1 50. Kxc6 Kd4 51. Rf6 $2 (51. Kb6 $18 Rb1 52. Kxa6 Rxb4 53. Rxh5) 51... Rg1 $2 (51... h4 $11) 52. Kb6 Kc3 53. b5 (53. Kxa6 $142 {aiming for b5.} Kxb4 54. Kb6) 53... axb5 54. Rf3+ $2 (54. Kxb5 $18 {Strongly threatening a6.} Ra1 55. a6) 54... Kd4 {[%emt 0:01:17] The position is equal.} 55. Rf4+ (55. a6 $5 Kc4 56. Rf4+ Kc3 57. Rf8 $11 (57. Kxb5 Rg5+ 58. Kb6 Rg6+ 59. Kb5 Rg5+ 60. Kb6 Rg6+ 61. Ka7 Rg7+ 62. Kb8 Rg8+ 63. Kc7 Rg7+ 64. Kc8 Rg8+ 65. Kd7 Rg7+ 66. Ke6 Ra7 $11)) 55... Kc3 56. Kxb5 Rg5+ 57. Kb6 Rg6+ 58. Kb7 (58. Kb5 $5 Rg5+ $8 59. Kb6 Rg6+ 60. Kc7 $11) 58... Rg7+ 59. Kc6 Rg6+ 60. Kb7 (60. Kb5 $5 Rg5+ $8 61. Kb6 Rg6+ 62. Kc7 $11) 60... Rg7+ {[%emt 0:00:01] White really could win this.   Weighted Error Value: White=0.32/Black=0.32} 1/2-1/2